 Dungeon Crawl Stone Soup version 0.31.0-9-g3a7656b989 (webtiles) character file.

Game seed: 13204353271119340230

296 Peloso the Slasher (level 6, -10/53 HPs)
             Began as a Minotaur Fighter on Feb 1, 2024.
             Mangled by Edmund
             ... wielding a +4 dire flail of protection
              (11 damage)
             ... on level 3 of the Dungeon.
             The game lasted 00:05:31 (2657 turns).

Peloso the Slasher (Minotaur Fighter)               Turns: 2657, Time: 00:05:31

Health: -10/53     AC:  8    Str: 20    XL:     6   Next: 12%
Magic:  5/5        EV:  9    Int:  5    God:
Gold:   111        SH:  5    Dex: 12    Spells: 5/5 levels left

rFire   . . .        a - +0 long sword
rCold   . . .        d - +0 buckler
rNeg    . . .        b - +0 scale mail
rPois   .            c - +1 hat
rElec   .            (no cloak)
rCorr   .            (no gloves)
SInv    .            (no boots)
Will    .....        (no amulet) Stlth
                     (no ring)
HPRegen 0.28/turn    (no ring)
MPRegen 0.09/turn

%: no passive effects
@: no status effects
A: horns 2, retaliatory headbutt
a: no special abilities


You were on level 3 of the Dungeon.
You visited 1 branch of the dungeon, and saw 4 of its levels.

You collected 111 gold pieces.

Inventory:

Hand Weapons
 a - a +0 long sword (weapon)
Armour
 b - a +0 scale mail (worn)
 c - a +1 hat (worn)
 d - a +0 buckler (worn)
Talismans
 j - a talisman of death
Scrolls
 e - a scroll of identify {unknown}
 g - 2 scrolls of noise {unknown}
 h - 2 scrolls of amnesia {unknown}
 i - 2 scrolls of fog {unknown}
 k - a scroll of blinking {unknown}
 l - 2 scrolls of fear {unknown}
 n - 3 scrolls of teleportation {unknown}
 p - a scroll of vulnerability {unknown}
 q - a scroll of brand weapon {unknown}
Potions
 f - a potion of haste
 m - a potion of attraction {unknown}
 o - a potion of might


   Skills:
 + Level 4.5 Fighting
 + Level 5.3 Long Blades
 + Level 5.0 Armour
 + Level 1.2 Dodging
 + Level 4.7 Shields


You had 5 spell levels left.
You didn't know any spells.
Your spell library was empty.

Dungeon Overview and Level Annotations

Branches:
Dungeon (4/15)
 Temple: D:4-7

Altars:
Fedhas
Hepliaklqana

Annotations:
D:3 Edmund


Innate Abilities, Weirdness & Mutations

You have a pair of horns on your head.
You reflexively headbutt those who attack you in melee.


Message History

You kill the hobgoblin!
Edmund hits you with a +4 dire flail of protection!
You climb upwards.
Reactivating autopickup.
There is a stone staircase leading down here.
You barely miss Edmund. Edmund closely misses you.
You hit Edmund but do no damage.
Edmund hits you with a +4 dire flail of protection!
Edmund says, "I'm quite good with sums, too."
Edmund hits you with a +4 dire flail of protection.
You hit Edmund but do no damage. You block Edmund's attack.
You slash Edmund! Your headbutt misses Edmund.
Edmund is lightly wounded.
Edmund completely misses you.
You hit Edmund.
Edmund is moderately wounded.
Edmund hits you with a +4 dire flail of protection.
You hit Edmund but do no damage.
Edmund is moderately wounded.
Edmund hits you with a +4 dire flail of protection.
You hit Edmund but do no damage. You headbutt Edmund.
Edmund is moderately wounded.
Edmund says, "A flail is better than a scythe, any day of the week!"
You block Edmund's attack. Edmund barely misses you.
You hit Edmund.
Edmund is moderately wounded.
Edmund hits you with a +4 dire flail of protection!
You hit Edmund but do no damage. You headbutt Edmund, but do no damage.
Edmund is moderately wounded.
Edmund hits you with a +4 dire flail of protection!
* * * LOW HITPOINT WARNING * * *
You completely miss Edmund. You headbutt Edmund, but do no damage.
Edmund is moderately wounded.
Edmund hits you with a +4 dire flail of protection!
* * * LOW HITPOINT WARNING * * *
You hit Edmund.
Edmund is moderately wounded.
Edmund hits you with a +4 dire flail of protection!
You die...
Edmund says, "I'd like to see a scythe do that!"

#######.......
##.............
#..##########.. #.##
#.. #.# #..
#######.##### ##.
#...........#### #.
#..............#####.
#...@......###.......
#....@.....#########.
#...........##### #.
#...........<>..## ##
#..........####..####
#..........#####.....
#........[...###.....
#######.##.#...#.....
#..##.###.......


You could see Edmund.

Vanquished Creatures
  Sigmund (D:3)
  A bombardier beetle (D:4)
  2 adders (D:2)
  A dart slug (D:2)
  3 ribbon worms
  8 orcs
  9 endoplasms
  4 giant cockroaches
  4 hobgoblins
  4 jackals (D:2)
  13 kobolds
  4 quokkas
  7 ball pythons
  4 bats
  3 frilled lizards (D:2)
  8 goblins
  4 rats
80 creatures vanquished.

Notes
Turn   | Place    | Note
-------+----------+-------------------------------------------
     0 | D:1      | Peloso the Minotaur Fighter began the quest for the Orb.
     0 | D:1      | Reached XP level 1. HP: 19/19 MP: 0/0
    43 | D:1      | Reached XP level 2. HP: 12/27 MP: 1/1
   841 | D:2      | Reached XP level 3. HP: 33/33 MP: 2/2
  1119 | D:2      | Found a faded altar of an unknown god.
  1423 | D:2      | Reached XP level 4. HP: 40/40 MP: 3/3
  1627 | D:3      | Found a blossoming altar of Fedhas.
  2063 | D:3      | Noticed Sigmund
  2080 | D:3      | Killed Sigmund
  2081 | D:3      | Reached skill level 5 in Long Blades
  2081 | D:3      | Reached skill level 1 in Dodging
  2081 | D:3      | Reached XP level 5. HP: 12/47 MP: 4/4
  2286 | D:3      | Found a hazy altar of Hepliaklqana.
  2313 | D:3      | Reached skill level 5 in Armour
  2577 | D:4      | Reached XP level 6. HP: 51/53 MP: 5/5
  2613 | D:4      | Noticed an orc warrior
  2613 | D:4      | Noticed Edmund
  2656 | D:3      | HP: 1/53 [Edmund/+4 dire flail of protection (12)]
  2657 | D:3      | Mangled by Edmund

Illustrated notes

Levels and vault maps discovered:
D:1:      eino_arrival_cavern_e, layout_basic
D:2:      minmay_general_purpose_star, layout_basic,
          shapermc_ecumenical_altar_gd, minivault_14
D:3:      layout_rooms, mainiacjoe_overflow_alcove_2, fedhas_ov_isle_minmay,
          grunt_decor_arrowhead, minivault_25, uniq_sigmund
D:4:      layout_rooms, serial_library_hellmonk_long_bookcase, uniq_edmund

Skill      XL: |  1  2  3  4  5 |
---------------+----------------+-----
Armour         | 4 5 |  5.0
Fighting       | 4 |  4.5
Shields        | 4 |  4.7
Long Blades    | 3 5 |  5.3
Dodging        | 1 |  1.2

Action                     |  1- 3 |  4- 6 || total
---------------------------+-------+-------++-------
  Melee: Long sword        |   102 |    84 ||   186
         Headbutt          |    14 |    17 ||    31
    Use: Potion            |     1 |       ||     1
 Armour: Scale mail        |    71 |    63 ||   134
  Dodge: Dodged            |    37 |    38 ||    75
  Block: Buckler           |    27 |    23 ||    50
         Form:             |       |     1 ||     1
         Death             |       |     1 ||     1
